Blackhawks vs Canucks

Created - December 16, 2019 at 19:35

Goals
1 2 3 OT1 T
Blackhawks 2 0 0 0 2
Canucks 1 0 1 1 3
Shots
1 2 3 OT1 T
Blackhawks 13 4 4 1 22
Canucks 9 9 7 2 27

1st period

1. Blackhawks , Antoine Roussel 10 (Scott Gomez 4, John Carlson 19) at 4:51 (PP)
2. Canucks , Loui Eriksson 6 (Danny DeKeiser 6) at 7:08
3. Blackhawks , Rick Nash 6 (John Carlson 20) at 8:18

Penalties :
Brad Boyes (Van) for Hooking (Minor) at 1:05, Robert Nilsson (Van) for Holding (Minor) at 4:22

2nd period

No Goal

Penalties :
Loui Eriksson (Van) for Holding (Minor) at 0:41, Michael Latta (Chi) for Holding (Minor) at 6:18, Brandon Sutter (Van) for Tripping (Minor) at 10:46, Chris Kreider (Chi) for Holding (Minor) at 15:07

3rd period

4. Canucks , Alex Goligoski 4 (Jeremy Morin 6, Brandon Sutter 11) at 14:25

Penalties :
Nick Palmieri (Van) for Charging (Minor) at 0:19, Chris Kreider (Chi) for Holding Stick (Minor) at 11:03, Erik Christensen (Chi) for Cross-checking (Minor) at 15:18, Robert Nilsson (Van) for Holding (Minor) at 19:09

Overtime #1

5. Canucks , Steve Bernier 3 (Brandon Sutter 12, Drew Fata 8) at 2:05

Penalties :
No Penalty

Goalie Stats

Jimmy Howard (Chi), 24 saves from 27 shots - (0.889), OTL, 9-8-4, 62:05 minutes
Jacob Markstrom (Van), 20 saves from 22 shots - (0.909), W, 9-11-2, 62:05 minutes

Players Stats for Blackhawks

Player Name              G  A  P  +/- PIM S  H  SB GA TA FO     MP     PP MP  PK MP  
------------------------------------------------------------------------------------
Antoine Roussel          1  0  1   0  0   3  2  0  1  0  0/0    15:40   4:16   0:00 
Bobby Ryan               0  0  0   0  0   1  1  1  0  0  1/1    18:35   4:59   0:00 
Brandon Yip              0  0  0  -1  0   0  0  0  0  1  0/1    13:25   0:00   2:30 
Chris Kreider            0  0  0   0  4   2  2  1  2  0  0/1    22:12   4:59   2:12 
David Jones              0  0  0  -1  0   0  0  0  0  0  0/0     7:08   0:00   0:00 
Derick Brassard          0  0  0   0  0   2  2  0  1  1  16/27  19:46   4:59   0:00 
Erik Christensen         0  0  0   0  2   0  0  1  0  0  1/1    10:49   0:00   0:14 
Gabriel Bourque          0  0  0  -1  0   0  0  0  0  0  0/1     9:39   0:00   2:29 
Jake McCabe              0  0  0  -1  0   0  0  0  0  0  0/0    12:13   0:00   0:00 
John Carlson             0  2  2   0  0   6  1  2  1  0  0/0    24:09   5:26   0:12 
Matthew Spiller          0  0  0   0  0   0  0  1  1  2  0/0    19:07   0:00   4:41 
Michael Latta            0  0  0  -1  2   1  0  0  0  0  0/2     9:23   0:00   2:11 
Mike Green               0  0  0   0  0   1  2  3  1  0  0/0    26:39   5:26   3:03 
Rick Nash                1  0  1   0  0   5  3  0  0  0  1/1    16:03   4:16   0:00 
Scott Gomez              0  1  1   0  0   0  2  1  0  0  8/17   20:04   4:16   4:14 
Seth Jones               0  0  0  -2  0   0  2  0  1  0  0/0    18:49   3:49   3:03 
Tomas Fleischmann        0  0  0  -1  0   0  1  0  0  0  0/0    13:26   0:00   2:02 
Tyler Cuma               0  0  0  -1  0   1  1  2  0  0  0/0    23:13   3:49   4:53 

Players Stats for Canucks

Player Name              G  A  P  +/- PIM S  H  SB GA TA FO     MP     PP MP  PK MP  
------------------------------------------------------------------------------------
Alex Goligoski           1  0  1   1  0   3  0  0  0  3  0/0    23:42   4:13   6:30 
Brad Boyes               0  0  0   0  2   1  2  0  0  1  0/0    12:25   0:00   4:06 
Brandon Sutter           0  2  2   2  2   1  1  0  1  1  4/6    13:20   0:00   1:31 
Christoph Bertschy       0  0  0   0  0   0  0  0  0  0  0/1     9:28   0:00   0:00 
Danny DeKeiser           0  1  1   1  0   1  3  1  0  0  0/0    19:59   3:03   3:54 
Darren Helm              0  0  0   0  0   2  0  0  0  0  0/0     9:57   0:00   2:06 
Drew Fata                0  1  1   1  0   2  3  0  0  2  0/0    25:24   3:43   3:54 
Jamie McBain             0  0  0   1  0   2  2  1  0  0  0/0    29:02   4:53   6:26 
Jason Zucker             0  0  0   0  0   1  0  0  1  0  1/1    18:48   4:25   0:00 
Jeremy Morin             0  1  1   1  0   1  1  0  0  0  2/4    18:04   3:31   3:12 
Joni Pitkanen            0  0  0   0  0   0  0  0  0  0  0/0    12:59   0:00   0:00 
Jordie Benn              0  0  0   0  0   0  0  1  0  1  0/0    13:04   0:00   0:04 
Loui Eriksson            1  0  1   1  2   2  1  0  1  0  0/1    17:19   3:31   2:01 
Marc Savard              0  0  0   0  0   1  5  2  0  0  1/5    13:42   3:31   2:40 
Michael Raffl            0  0  0   0  0   0  0  0  0  0  0/0     9:19   0:00   0:00 
Nick Palmieri            0  0  0   0  2   2  1  0  1  0  0/1    18:10   4:25   0:00 
Robert Nilsson           0  0  0   0  4   4  3  0  0  0  17/31  23:04   4:25   4:03 
Steve Bernier            1  0  1   1  0   4  0  0  0  0  0/2    10:04   0:00   0:00 

3 Stars

1 - Steve Bernier (Van)
2 - Alex Goligoski (Van)
3 - Brandon Sutter (Van)

Power Play

Blackhawks - 1 on 6 Attempt(s) - 16.67%
Canucks - 0 on 4 Attempt(s) - 0.00%

Penalty Kill

Blackhawks - 4 on 4 Attempt(s) - 100.00% - Score 0 goal in Penalty Kill
Canucks - 5 on 6 Attempt(s) - 83.33% - Score 0 goal in Penalty Kill

Team Stat

Blackhawks - Hits : 19 - Faceoff Wins : 27 - Blocked Shots : 12 - Penalty Minutes : 8
Canucks - Hits : 22 - Faceoff Wins : 25 - Blocked Shots : 5 - Penalty Minutes : 12

Official

Referees : Unknown
Linesman : Unknown

Game Notes

No Game Note

Finance

Level 1 -- Attendance: 5697 (94.95%) -- Ticket Income $484,245
Level 2 -- Attendance: 5000 (100.00%) -- Ticket Income $255,000
Level 3 -- Attendance: 1921 (96.05%) -- Ticket Income $61,472
Level 4 -- Attendance: 4000 (100.00%) -- Ticket Income $80,000
Luxury Box -- Attendance: 1000 (100.00%) -- Ticket Income $100,000
Game was played at the Budweiser Coliseum.
Total Attendance: 17618 (97.88%)
Total Ticket Income: $980,717
Other Income: $147,108
Total Income: $1,127,825

Blackhawks

5 vs 5 Forward 
   Center                   Left Wing                Right Wing               Time % Phy DF OF 
 1 Derick Brassard          Chris Kreider            Bobby Ryan               40     1   2  2  
 2 Scott Gomez              Antoine Roussel          Rick Nash                30     1   2  2  
 3 Erik Christensen         Tomas Fleischmann        Brandon Yip              20     1   2  2  
 4 Michael Latta            Gabriel Bourque          David Jones              10     1   2  2  

5 vs 5 Defense 
   Defense                  Defense                                           Time % Phy DF OF 
 1 John Carlson             Mike Green                                        40     1   2  2  
 2 Tyler Cuma               Matthew Spiller                                   30     1   2  2  
 3 Seth Jones               Jake McCabe                                       20     1   2  2  
 4 John Carlson             Mike Green                                        10     1   2  2  

PowerPlay Forward 
   Center                   Left Wing                Right Wing               Time % Phy DF OF 
 1 Derick Brassard          Chris Kreider            Bobby Ryan               60     1   2  2  
 2 Scott Gomez              Antoine Roussel          Rick Nash                40     1   2  2  

PowerPlay Defense
   Defense                  Defense                                           Time % Phy DF OF 
 1 John Carlson             Mike Green                                        60     1   2  2  
 2 Tyler Cuma               Seth Jones                                        40     1   2  2  

Penalty Kill 4 Players Forward 
   Center                   Wing                     Time % Phy DF OF 
 1 Scott Gomez              Chris Kreider            60     1   2  2  
 2 Michael Latta            Tomas Fleischmann        40     1   2  2  

Penalty Kill 4 Players Defense
   Defense                  Defense                  Time % Phy DF OF 
 1 Tyler Cuma               Matthew Spiller          60     1   2  2  
 2 Mike Green               Seth Jones               40     1   2  2  

Penalty Kill - 3 Players Forward 
   Forward                                           Time % Phy DF OF 
 1 Scott Gomez                                       60     1   2  2  
 2 Derick Brassard                                   40     1   2  2  

Penalty Kill - 3 Players Defense
   Defense                  Defense                  Time % Phy DF OF 
 1 Mike Green               John Carlson             60     1   2  2  
 2 Mike Green               Seth Jones               40     1   2  2  

4 vs 4 Forward 
   Center                   Wing                     Time % Phy DF OF 
 1 Derick Brassard          Chris Kreider            60     1   2  2  
 2 Scott Gomez              Rick Nash                40     1   2  2  

4 vs 4 Defense
   Defense                  Defense                  Time % Phy DF OF 
 1 Mike Green               John Carlson             60     1   2  2  
 2 Tyler Cuma               Seth Jones               40     1   2  2  

Last Minutes Offensive
   Center                   Left Wing                Right Wing               Defense                  Defense                  
   Derick Brassard          Chris Kreider            Rick Nash                Mike Green               John Carlson             

Last Minutes Defensive
   Center                   Left Wing                Right Wing               Defense                  Defense                  
   Derick Brassard          Chris Kreider            Rick Nash                Mike Green               John Carlson             

Goaltenders
Starting : Jimmy Howard             
Backup : Ray Emery                

Extra Forwards
Normal : Tomas Fleischmann, Brandon Yip, David Jones - PP : Tomas Fleischmann, Brandon Yip - PK : Brandon Yip
Extra Defensemen
Normal : Seth Jones, Jake McCabe, John Carlson - PP : Matthew Spiller - PK : John Carlson, Seth Jones
Penalty Shots
Derick Brassard, Rick Nash, Chris Kreider, Mike Green, Antoine Roussel

Scratches
None

Canucks

5 vs 5 Forward 
   Center                   Left Wing                Right Wing               Time % Phy DF OF 
 1 Robert Nilsson           Jason Zucker             Nick Palmieri            50     0   2  3  
 2 Brandon Sutter           Loui Eriksson            Jeremy Morin             35     1   2  2  
 3 Marc Savard              Darren Helm              Brad Boyes               10     1   2  2  
 4 Christoph Bertschy       Michael Raffl            Steve Bernier            5      1   2  2  

5 vs 5 Defense 
   Defense                  Defense                                           Time % Phy DF OF 
 1 Jamie McBain             Drew Fata                                         50     1   2  2  
 2 Alex Goligoski           Danny DeKeiser                                    35     1   2  2  
 3 Joni Pitkanen            Jordie Benn                                       10     1   2  2  
 4 Jamie McBain             Alex Goligoski                                    5      1   2  2  

PowerPlay Forward 
   Center                   Left Wing                Right Wing               Time % Phy DF OF 
 1 Robert Nilsson           Jason Zucker             Nick Palmieri            60     0   0  5  
 2 Marc Savard              Loui Eriksson            Jeremy Morin             40     0   0  4  

PowerPlay Defense
   Defense                  Defense                                           Time % Phy DF OF 
 1 Jamie McBain             Alex Goligoski                                    60     1   2  2  
 2 Drew Fata                Danny DeKeiser                                    40     1   2  2  

Penalty Kill 4 Players Forward 
   Center                   Wing                     Time % Phy DF OF 
 1 Robert Nilsson           Brad Boyes               60     1   2  2  
 2 Marc Savard              Loui Eriksson            40     1   2  2  

Penalty Kill 4 Players Defense
   Defense                  Defense                  Time % Phy DF OF 
 1 Jamie McBain             Alex Goligoski           60     1   2  2  
 2 Drew Fata                Danny DeKeiser           40     1   2  2  

Penalty Kill - 3 Players Forward 
   Forward                                           Time % Phy DF OF 
 1 Robert Nilsson                                    60     1   2  2  
 2 Loui Eriksson                                     40     1   2  2  

Penalty Kill - 3 Players Defense
   Defense                  Defense                  Time % Phy DF OF 
 1 Jamie McBain             Alex Goligoski           60     1   2  2  
 2 Drew Fata                Danny DeKeiser           40     1   2  2  

4 vs 4 Forward 
   Center                   Wing                     Time % Phy DF OF 
 1 Robert Nilsson           Jason Zucker             60     1   2  2  
 2 Marc Savard              Jeremy Morin             40     1   2  2  

4 vs 4 Defense
   Defense                  Defense                  Time % Phy DF OF 
 1 Jamie McBain             Alex Goligoski           60     1   2  2  
 2 Drew Fata                Danny DeKeiser           40     1   2  2  

Last Minutes Offensive
   Center                   Left Wing                Right Wing               Defense                  Defense                  
   Robert Nilsson           Jason Zucker             Nick Palmieri            Jamie McBain             Alex Goligoski           

Last Minutes Defensive
   Center                   Left Wing                Right Wing               Defense                  Defense                  
   Robert Nilsson           Jason Zucker             Nick Palmieri            Jamie McBain             Alex Goligoski           

Goaltenders
Starting : Jacob Markstrom          
Backup : Martin Jones             

Extra Forwards
Normal : Brandon Sutter, Steve Bernier, Jeremy Morin - PP : Brandon Sutter, Steve Bernier - PK : Jeremy Morin
Extra Defensemen
Normal : Danny DeKeiser, Jordie Benn, Drew Fata - PP : Jamie McBain - PK : Jordie Benn, Drew Fata
Penalty Shots
Robert Nilsson, Jason Zucker, Jeremy Morin, Loui Eriksson, Nick Palmieri

Scratches
Alex Stalock (Healthy)

% Time on Ice - Blackhawks

Lines # - Real PCT - Wanted PCT - Time Play
Normal Forward
1 - 33% - 40% - 14:08
2 - 27% - 30% - 11:24
3 - 24% - 20% - 10:09
4 - 17% - 10% - 7:08
Normal Defense
1 - 42% - 40% - 18:06
2 - 32% - 30% - 13:39
3 - 24% - 20% - 10:29
4 - 1% - 10% - 0:35
PP Forward
1 - 54% - 60% - 4:59
2 - 46% - 40% - 4:16
PP Defense
1 - 59% - 60% - 5:26
2 - 41% - 40% - 3:49
PK Forward
1 - 87% - 60% - 6:53
2 - 13% - 40% - 1:03
PK Defense
1 - 62% - 60% - 4:53
2 - 38% - 40% - 3:03
PK3 Forward
1 - 0% - 60%
2 - 0% - 40%
PK3 Defense
1 - 0% - 60%
2 - 0% - 40%
44 Forward
1 - 82% - 60% - 1:42
2 - 18% - 40% - 0:23
44 Defense
1 - 76% - 60% - 1:35
2 - 24% - 40% - 0:30
Last Minute Offensive  - 0:00
Last Minute Defensive  - 0:00
Total
Forward - 62:05
Defense - 62:05

% Time on Ice - Canucks

Lines # - Real PCT - Wanted PCT - Time Play
Normal Forward
1 - 33% - 50% - 14:01
2 - 29% - 35% - 12:21
3 - 17% - 10% - 7:08
4 - 22% - 5% - 9:19
Normal Defense
1 - 39% - 50% - 16:51
2 - 28% - 35% - 12:12
3 - 30% - 10% - 12:59
4 - 2% - 5% - 0:47
PP Forward
1 - 56% - 60% - 4:25
2 - 44% - 40% - 3:31
PP Defense
1 - 62% - 60% - 4:53
2 - 38% - 40% - 3:03
PK Forward
1 - 71% - 60% - 6:35
2 - 29% - 40% - 2:40
PK Defense
1 - 63% - 60% - 5:52
2 - 37% - 40% - 3:23
PK3 Forward
1 - 100% - 60% - 1:09
2 - 0% - 40% - 0:00
PK3 Defense
1 - 55% - 60% - 0:38
2 - 45% - 40% - 0:31
44 Forward
1 - 84% - 60% - 0:47
2 - 16% - 40% - 0:09
44 Defense
1 - 39% - 60% - 0:22
2 - 61% - 40% - 0:34
Last Minute Offensive  - 0:00
Last Minute Defensive  - 0:00
Total
Forward - 62:05
Defense - 62:05

Play-by-Play

1st period


0:01 of 1st period - Derick Brassard wins face-off versus Robert Nilsson in neutral zone.
0:42 of 1st period - Snap shot by Loui Eriksson.
0:42 of 1st period - Shot Misses the Net.
1:05 of 1st period - Minor Penalty to Brad Boyes for Hooking.
1:06 of 1st period - Derick Brassard wins face-off versus Robert Nilsson in Canucks zone.
1:20 of 1st period - Bobby Ryan is hit by Robert Nilsson and loses puck.
1:38 of 1st period - Alex Goligoski is hit by Rick Nash and loses puck.
1:45 of 1st period - Wrist shot by Antoine Roussel.
1:45 of 1st period - Shot Misses the Net.
1:47 of 1st period - Slapshot by John Carlson.
1:47 of 1st period - Shot Blocked by Marc Savard.
1:49 of 1st period - Slapshot by John Carlson.
1:49 of 1st period - Shot Blocked by Jamie McBain.
2:29 of 1st period - Rick Nash is hit by Marc Savard and loses puck.
2:58 of 1st period - Scott Gomez is hit by Marc Savard and loses puck.
3:05 of 1st period - Penalty to Brad Boyes is over, Brad Boyes is back on ice.
3:13 of 1st period - Brad Boyes is hit by Tyler Cuma and loses puck.
3:28 of 1st period - Wrist shot by Loui Eriksson.
3:28 of 1st period - Stopped by Jimmy Howard without a rebound.
3:29 of 1st period - Jason Zucker wins face-off versus Gabriel Bourque in Blackhawks zone.
3:36 of 1st period - Slapshot by Jason Zucker.
3:36 of 1st period - Stopped by Jimmy Howard without a rebound.
3:37 of 1st period - Robert Nilsson wins face-off versus Michael Latta in Blackhawks zone.
3:42 of 1st period - Backhand shot by Robert Nilsson.
3:42 of 1st period - Shot Misses the Net.
4:22 of 1st period - Minor Penalty to Robert Nilsson for Holding.
4:23 of 1st period - Derick Brassard wins face-off versus Jeremy Morin in Canucks zone.
4:30 of 1st period - Wrist shot by Chris Kreider.
4:30 of 1st period - Stopped by Jacob Markstrom with a rebound.
4:39 of 1st period - Off-side.
4:40 of 1st period - Rick Nash wins face-off versus Marc Savard in neutral zone.
4:51 of 1st period - Backhand shot by Scott Gomez.
4:51 of 1st period - Deflect By Antoine Roussel.
4:51 of 1st period - Goal by Antoine Roussel - Blackhawks : 1 - Canucks : 0.
4:52 of 1st period - Derick Brassard wins face-off versus Robert Nilsson in neutral zone.
5:05 of 1st period - Drew Fata is hit by Chris Kreider and loses puck.
5:18 of 1st period - Antoine Roussel is hit by Drew Fata.
5:22 of 1st period - Wrist shot by Rick Nash.
5:22 of 1st period - Shot Misses the Net.
5:51 of 1st period - John Carlson is hit by Danny DeKeiser.
6:19 of 1st period - Snap shot by Chris Kreider.
6:19 of 1st period - Deflect By Jordie Benn.
6:19 of 1st period - Stopped by Jacob Markstrom without a rebound.
6:20 of 1st period - Robert Nilsson wins face-off versus Derick Brassard in Canucks zone.
6:50 of 1st period - Wrist shot by Brandon Sutter.
6:50 of 1st period - Stopped by Jimmy Howard without a rebound.
6:51 of 1st period - Scott Gomez wins face-off versus Loui Eriksson in Blackhawks zone.
7:08 of 1st period - Snap shot by Loui Eriksson.
7:08 of 1st period - Goal by Loui Eriksson - Blackhawks : 1 - Canucks : 1.
7:09 of 1st period - Derick Brassard wins face-off versus Robert Nilsson in neutral zone.
7:18 of 1st period - Icing by Jamie McBain.
7:19 of 1st period - Derick Brassard wins face-off versus Robert Nilsson in Canucks zone.
7:52 of 1st period - Wrist shot by Chris Kreider.
7:52 of 1st period - Shot Misses the Net.
7:54 of 1st period - Snap shot by Bobby Ryan.
7:54 of 1st period - Stopped by Jacob Markstrom without a rebound.
7:55 of 1st period - Brandon Sutter wins face-off versus Scott Gomez in Canucks zone.
8:01 of 1st period - Slapshot by John Carlson.
8:01 of 1st period - Stopped by Jacob Markstrom with a rebound.
8:03 of 1st period - Slapshot by Mike Green.
8:03 of 1st period - Deflect By Rick Nash.
8:03 of 1st period - Stopped by Jacob Markstrom without a rebound.
8:04 of 1st period - Brandon Sutter wins face-off versus Scott Gomez in Canucks zone.
8:04 of 1st period - Brandon Sutter is hit by Scott Gomez.
8:18 of 1st period - Wrist shot by Rick Nash.
8:18 of 1st period - Goal by Rick Nash - Blackhawks : 2 - Canucks : 1.
8:19 of 1st period - Robert Nilsson wins face-off versus Derick Brassard in neutral zone.
8:28 of 1st period - Wrist shot by Robert Nilsson.
8:28 of 1st period - Stopped by Jimmy Howard without a rebound.
8:29 of 1st period - Derick Brassard wins face-off versus Robert Nilsson in Blackhawks zone.
8:44 of 1st period - Slapshot by Robert Nilsson.
8:44 of 1st period - Shot Misses the Net.
8:46 of 1st period - Snap shot by Jamie McBain.
8:46 of 1st period - Deflect By Robert Nilsson.
8:46 of 1st period - Shot Misses the Net.
8:46 of 1st period - Puck is out of play.
8:47 of 1st period - Brandon Sutter wins face-off versus Brandon Yip in Blackhawks zone.
9:00 of 1st period - Wrist shot by Brandon Sutter.
9:00 of 1st period - Shot Blocked by Mike Green.
9:14 of 1st period - Robert Nilsson is hit by Mike Green and loses puck.
9:28 of 1st period - Robert Nilsson is hit by Chris Kreider and loses puck.
9:38 of 1st period - Off-side.
9:39 of 1st period - Scott Gomez wins face-off versus Marc Savard in neutral zone.
9:42 of 1st period - Danny DeKeiser is hit by Scott Gomez and loses puck.
11:38 of 1st period - Snap shot by Antoine Roussel.
11:38 of 1st period - Stopped by Jacob Markstrom with a rebound.
11:40 of 1st period - Wrist shot by Antoine Roussel.
11:40 of 1st period - Stopped by Jacob Markstrom with a rebound.
12:26 of 1st period - Snap shot by Brandon Sutter.
12:26 of 1st period - Shot Misses the Net.
12:52 of 1st period - Snap shot by Chris Kreider.
12:52 of 1st period - Shot Misses the Net.
12:54 of 1st period - Slapshot by Matthew Spiller.
12:54 of 1st period - Shot Misses the Net.
13:06 of 1st period - Snap shot by Rick Nash.
13:06 of 1st period - Stopped by Jacob Markstrom with a rebound.
13:08 of 1st period - Wrist shot by Rick Nash.
13:08 of 1st period - Deflect By Alex Goligoski.
13:08 of 1st period - Stopped by Jacob Markstrom with a rebound.
14:09 of 1st period - Icing by Jake McCabe.
14:10 of 1st period - Derick Brassard wins face-off versus Brandon Sutter in Blackhawks zone.
14:23 of 1st period - Brandon Sutter is hit by Bobby Ryan and loses puck.
15:05 of 1st period - Wrist shot by Brad Boyes.
15:05 of 1st period - Shot Misses the Net.
15:07 of 1st period - Wrist shot by Darren Helm.
15:07 of 1st period - Stopped by Jimmy Howard with a rebound.
16:33 of 1st period - Snap shot by Erik Christensen.
16:33 of 1st period - Shot Blocked by Marc Savard.
16:54 of 1st period - Off-side.
16:55 of 1st period - Robert Nilsson wins face-off versus Scott Gomez in neutral zone.
18:09 of 1st period - Snap shot by Marc Savard.
18:09 of 1st period - Shot Misses the Net.
18:11 of 1st period - Snap shot by Marc Savard.
18:11 of 1st period - Stopped by Jimmy Howard without a rebound.
18:12 of 1st period - Derick Brassard wins face-off versus Marc Savard in Blackhawks zone.
18:49 of 1st period - Slapshot by Rick Nash.
18:49 of 1st period - Stopped by Jacob Markstrom with a rebound.
19:09 of 1st period - Slapshot by Drew Fata.
19:09 of 1st period - Stopped by Jimmy Howard without a rebound.
19:10 of 1st period - Robert Nilsson wins face-off versus Derick Brassard in Blackhawks zone.
19:21 of 1st period - Snap shot by Nick Palmieri.
19:21 of 1st period - Shot Blocked by Tyler Cuma.
19:35 of 1st period - Jeremy Morin is hit by Antoine Roussel and loses puck.
19:44 of 1st period - Snap shot by Antoine Roussel.
19:44 of 1st period - Deflect By Scott Gomez.
19:44 of 1st period - Shot Blocked by Danny DeKeiser.
19:44 of 1st period - Puck is out of play.
19:45 of 1st period - Scott Gomez wins face-off versus Nick Palmieri in Canucks zone.
19:46 of 1st period - Wrist shot by John Carlson.
19:46 of 1st period - Stopped by Jacob Markstrom without a rebound.
19:47 of 1st period - Robert Nilsson wins face-off versus Scott Gomez in Canucks zone.
19:52 of 1st period - Snap shot by Robert Nilsson.
19:52 of 1st period - Stopped by Jimmy Howard without a rebound.
19:53 of 1st period - Scott Gomez wins face-off versus Robert Nilsson in Blackhawks zone.
Goals for this period are 2 for Blackhawks vs 1 for Canucks.
Shots for this period are 13 for Blackhawks vs 9 for Canucks.

2nd period


0:01 of 2nd period - Derick Brassard wins face-off versus Robert Nilsson in neutral zone.
0:04 of 2nd period - Snap shot by John Carlson.
0:04 of 2nd period - Stopped by Jacob Markstrom without a rebound.
0:05 of 2nd period - Robert Nilsson wins face-off versus Derick Brassard in Canucks zone.
0:41 of 2nd period - Minor Penalty to Loui Eriksson for Holding.
0:42 of 2nd period - Derick Brassard wins face-off versus Robert Nilsson in Canucks zone.
0:44 of 2nd period - Wrist shot by Derick Brassard.
0:44 of 2nd period - Stopped by Jacob Markstrom without a rebound.
0:45 of 2nd period - Robert Nilsson wins face-off versus Derick Brassard in Canucks zone.
0:45 of 2nd period - Robert Nilsson is hit by Derick Brassard.
1:21 of 2nd period - Robert Nilsson is hit by Rick Nash and loses puck.
2:41 of 2nd period - Penalty to Loui Eriksson is over, Loui Eriksson is back on ice.
3:08 of 2nd period - Wrist shot by Steve Bernier.
3:08 of 2nd period - Stopped by Jimmy Howard with a rebound.
3:10 of 2nd period - Slapshot by Danny DeKeiser.
3:10 of 2nd period - Stopped by Jimmy Howard with a rebound.
3:24 of 2nd period - Slapshot by Jeremy Morin.
3:24 of 2nd period - Stopped by Jimmy Howard with a rebound.
3:44 of 2nd period - Wrist shot by Michael Latta.
3:44 of 2nd period - Stopped by Jacob Markstrom with a rebound.
4:10 of 2nd period - Derick Brassard is hit by Jamie McBain and loses puck.
4:27 of 2nd period - Seth Jones is hit by Marc Savard and loses puck.
4:42 of 2nd period - David Jones is hit by Robert Nilsson and loses puck.
5:09 of 2nd period - Icing by Jake McCabe.
5:10 of 2nd period - Erik Christensen wins face-off versus Steve Bernier in Blackhawks zone.
5:10 of 2nd period - Erik Christensen is hit by Danny DeKeiser.
5:43 of 2nd period - Snap shot by Antoine Roussel.
5:43 of 2nd period - Shot Misses the Net.
6:18 of 2nd period - Minor Penalty to Michael Latta for Holding.
6:19 of 2nd period - Robert Nilsson wins face-off versus Scott Gomez in Blackhawks zone.
6:22 of 2nd period - Slapshot by Nick Palmieri.
6:22 of 2nd period - Shot Misses the Net.
6:24 of 2nd period - Wrist shot by Jamie McBain.
6:24 of 2nd period - Deflect By Robert Nilsson.
6:24 of 2nd period - Shot Misses the Net.
6:24 of 2nd period - Puck is out of play.
6:25 of 2nd period - Robert Nilsson wins face-off versus Scott Gomez in Blackhawks zone.
6:26 of 2nd period - Snap shot by Nick Palmieri.
6:26 of 2nd period - Shot Blocked by Chris Kreider.
6:28 of 2nd period - Slapshot by Nick Palmieri.
6:28 of 2nd period - Shot Blocked by Tyler Cuma.
6:54 of 2nd period - Snap shot by Robert Nilsson.
6:54 of 2nd period - Shot Misses the Net.
6:56 of 2nd period - Snap shot by Jamie McBain.
6:56 of 2nd period - Deflect By Scott Gomez.
6:56 of 2nd period - Stopped by Jimmy Howard with a rebound.
6:58 of 2nd period - Backhand shot by Drew Fata.
6:58 of 2nd period - Stopped by Jimmy Howard without a rebound.
6:59 of 2nd period - Marc Savard wins face-off versus Scott Gomez in Blackhawks zone.
8:18 of 2nd period - Penalty to Michael Latta is over, Michael Latta is back on ice.
8:34 of 2nd period - Wrist shot by Derick Brassard.
8:34 of 2nd period - Shot Misses the Net.
8:46 of 2nd period - Slapshot by John Carlson.
8:46 of 2nd period - Shot Blocked by Jordie Benn.
8:59 of 2nd period - Danny DeKeiser is hit by John Carlson.
9:19 of 2nd period - John Carlson is hit by Danny DeKeiser and loses puck.
9:34 of 2nd period - Backhand shot by Derick Brassard.
9:34 of 2nd period - Shot Misses the Net.
10:46 of 2nd period - Minor Penalty to Brandon Sutter for Tripping.
10:47 of 2nd period - Derick Brassard wins face-off versus Robert Nilsson in Canucks zone.
11:20 of 2nd period - Brad Boyes is hit by Rick Nash and loses puck.
12:46 of 2nd period - Penalty to Brandon Sutter is over, Brandon Sutter is back on ice.
12:53 of 2nd period - Joni Pitkanen is hit by Tomas Fleischmann and loses puck.
13:29 of 2nd period - Wrist shot by Michael Raffl.
13:29 of 2nd period - Shot Blocked by Matthew Spiller.
14:07 of 2nd period - Snap shot by Steve Bernier.
14:07 of 2nd period - Stopped by Jimmy Howard without a rebound.
14:08 of 2nd period - Robert Nilsson wins face-off versus Derick Brassard in Blackhawks zone.
15:02 of 2nd period - Snap shot by Darren Helm.
15:02 of 2nd period - Stopped by Jimmy Howard without a rebound.
15:03 of 2nd period - Robert Nilsson wins face-off versus Derick Brassard in Blackhawks zone.
15:07 of 2nd period - Minor Penalty to Chris Kreider for Holding.
15:08 of 2nd period - Robert Nilsson wins face-off versus Scott Gomez in Blackhawks zone.
15:22 of 2nd period - Snap shot by Jamie McBain.
15:22 of 2nd period - Stopped by Jimmy Howard with a rebound.
15:24 of 2nd period - Slapshot by Nick Palmieri.
15:24 of 2nd period - Stopped by Jimmy Howard with a rebound.
17:07 of 2nd period - Penalty to Chris Kreider is over, Chris Kreider is back on ice.
17:24 of 2nd period - Slapshot by John Carlson.
17:24 of 2nd period - Stopped by Jacob Markstrom with a rebound.
17:48 of 2nd period - Drew Fata is hit by Seth Jones and loses puck.
18:03 of 2nd period - Erik Christensen is hit by Brad Boyes and loses puck.
18:21 of 2nd period - Icing by Jamie McBain.
18:22 of 2nd period - Bobby Ryan wins face-off versus Christoph Bertschy in Canucks zone.
Goals for this period are 0 for Blackhawks vs 0 for Canucks.
Shots for this period are 4 for Blackhawks vs 9 for Canucks.

3rd period


0:01 of 3rd period - Derick Brassard wins face-off versus Robert Nilsson in neutral zone.
0:13 of 3rd period - Jamie McBain is hit by Mike Green and loses puck.
0:19 of 3rd period - Minor Penalty to Nick Palmieri for Charging.
0:20 of 3rd period - Derick Brassard wins face-off versus Robert Nilsson in Canucks zone.
0:31 of 3rd period - Snap shot by Derick Brassard.
0:31 of 3rd period - Shot Misses the Net.
0:33 of 3rd period - Slapshot by John Carlson.
0:33 of 3rd period - Stopped by Jacob Markstrom without a rebound.
0:34 of 3rd period - Robert Nilsson wins face-off versus Derick Brassard in Canucks zone.
1:47 of 3rd period - Slapshot by Marc Savard.
1:47 of 3rd period - Shot Misses the Net.
2:19 of 3rd period - Penalty to Nick Palmieri is over, Nick Palmieri is back on ice.
3:21 of 3rd period - Snap shot by Brad Boyes.
3:21 of 3rd period - Shot Blocked by John Carlson.
4:02 of 3rd period - Jake McCabe is hit by Loui Eriksson and loses puck.
4:43 of 3rd period - Danny DeKeiser is hit by Derick Brassard.
5:22 of 3rd period - Rick Nash is hit by Jamie McBain and loses puck.
5:31 of 3rd period - Wrist shot by Christoph Bertschy.
5:31 of 3rd period - Shot Blocked by Scott Gomez.
5:33 of 3rd period - Slapshot by Jordie Benn.
5:33 of 3rd period - Shot Blocked by John Carlson.
5:35 of 3rd period - Snap shot by Christoph Bertschy.
5:35 of 3rd period - Shot Blocked by Mike Green.
5:51 of 3rd period - Snap shot by Derick Brassard.
5:51 of 3rd period - Shot Misses the Net.
5:53 of 3rd period - Snap shot by Derick Brassard.
5:53 of 3rd period - Stopped by Jacob Markstrom with a rebound.
6:27 of 3rd period - David Jones is hit by Marc Savard and loses puck.
7:24 of 3rd period - Slapshot by Jamie McBain.
7:24 of 3rd period - Shot Blocked by Erik Christensen.
7:34 of 3rd period - Michael Latta is hit by Brandon Sutter and loses puck.
8:45 of 3rd period - Tomas Fleischmann is hit by Marc Savard and loses puck.
9:06 of 3rd period - Wrist shot by Michael Latta.
9:06 of 3rd period - Shot Misses the Net.
9:41 of 3rd period - Wrist shot by Steve Bernier.
9:41 of 3rd period - Stopped by Jimmy Howard without a rebound.
9:42 of 3rd period - Scott Gomez wins face-off versus Steve Bernier in Blackhawks zone.
9:51 of 3rd period - Slapshot by Seth Jones.
9:51 of 3rd period - Shot Misses the Net.
10:01 of 3rd period - Slapshot by Alex Goligoski.
10:01 of 3rd period - Stopped by Jimmy Howard without a rebound.
10:02 of 3rd period - Robert Nilsson wins face-off versus Derick Brassard in Blackhawks zone.
10:11 of 3rd period - Wrist shot by Robert Nilsson.
10:11 of 3rd period - Stopped by Jimmy Howard with a rebound.
10:29 of 3rd period - Snap shot by Marc Savard.
10:29 of 3rd period - Shot Blocked by Mike Green.
10:31 of 3rd period - Wrist shot by Marc Savard.
10:31 of 3rd period - Shot Misses the Net.
10:33 of 3rd period - Snap shot by Darren Helm.
10:33 of 3rd period - Shot Misses the Net.
10:35 of 3rd period - Wrist shot by Alex Goligoski.
10:35 of 3rd period - Stopped by Jimmy Howard without a rebound.
10:36 of 3rd period - Scott Gomez wins face-off versus Marc Savard in Blackhawks zone.
10:41 of 3rd period - Wrist shot by Brad Boyes.
10:41 of 3rd period - Shot Misses the Net.
10:43 of 3rd period - Slapshot by Alex Goligoski.
10:43 of 3rd period - Deflect By Brad Boyes.
10:43 of 3rd period - Stopped by Jimmy Howard without a rebound.
10:44 of 3rd period - Scott Gomez wins face-off versus Robert Nilsson in Blackhawks zone.
10:59 of 3rd period - Slapshot by Nick Palmieri.
10:59 of 3rd period - Stopped by Jimmy Howard without a rebound.
11:00 of 3rd period - Derick Brassard wins face-off versus Brandon Sutter in Blackhawks zone.
11:00 of 3rd period - Derick Brassard is hit by Drew Fata.
11:03 of 3rd period - Minor Penalty to Chris Kreider for Holding Stick.
11:04 of 3rd period - Scott Gomez wins face-off versus Robert Nilsson in Blackhawks zone.
11:04 of 3rd period - Scott Gomez is hit by Robert Nilsson.
11:48 of 3rd period - Slapshot by Danny DeKeiser.
11:48 of 3rd period - Shot Misses the Net.
13:00 of 3rd period - Tyler Cuma is hit by Jeremy Morin and loses puck.
13:03 of 3rd period - Penalty to Chris Kreider is over, Chris Kreider is back on ice.
14:06 of 3rd period - Snap shot by Steve Bernier.
14:06 of 3rd period - Shot Misses the Net.
14:16 of 3rd period - Slapshot by John Carlson.
14:16 of 3rd period - Stopped by Jacob Markstrom without a rebound.
14:17 of 3rd period - Brandon Sutter wins face-off versus Michael Latta in Canucks zone.
14:17 of 3rd period - Brandon Sutter is hit by Seth Jones.
14:25 of 3rd period - Snap shot by Alex Goligoski.
14:25 of 3rd period - Goal by Alex Goligoski - Blackhawks : 2 - Canucks : 2.
14:26 of 3rd period - Robert Nilsson wins face-off versus Derick Brassard in neutral zone.
14:29 of 3rd period - Chris Kreider is hit by Nick Palmieri.
14:33 of 3rd period - Wrist shot by Jamie McBain.
14:33 of 3rd period - Shot Blocked by Bobby Ryan.
15:18 of 3rd period - Minor Penalty to Erik Christensen for Cross-checking.
15:19 of 3rd period - Robert Nilsson wins face-off versus Scott Gomez in Blackhawks zone.
15:33 of 3rd period - Slapshot by Tyler Cuma.
15:33 of 3rd period - Stopped by Jacob Markstrom with a rebound.
17:18 of 3rd period - Penalty to Erik Christensen is over, Erik Christensen is back on ice.
17:52 of 3rd period - Brandon Sutter is hit by Antoine Roussel and loses puck.
19:09 of 3rd period - Minor Penalty to Robert Nilsson for Holding.
19:10 of 3rd period - Derick Brassard wins face-off versus Jeremy Morin in Canucks zone.
19:33 of 3rd period - Mike Green is hit by Brad Boyes and loses puck.
Goals for this period are 0 for Blackhawks vs 1 for Canucks.
Shots for this period are 4 for Blackhawks vs 7 for Canucks.

Overtime #1


0:01 of 1st overtime period - Jeremy Morin wins face-off versus Derick Brassard in neutral zone.
1:00 of 1st overtime period - Slapshot by Tomas Fleischmann.
1:00 of 1st overtime period - Shot Misses the Net.
1:02 of 1st overtime period - Slapshot by Seth Jones.
1:02 of 1st overtime period - Shot Misses the Net.
1:04 of 1st overtime period - Slapshot by Mike Green.
1:04 of 1st overtime period - Stopped by Jacob Markstrom without a rebound.
1:05 of 1st overtime period - Jeremy Morin wins face-off versus Chris Kreider in Canucks zone.
1:09 of 1st overtime period - Penalty to Robert Nilsson is over, Robert Nilsson is back on ice.
1:24 of 1st overtime period - Snap shot by Robert Nilsson.
1:24 of 1st overtime period - Stopped by Jimmy Howard with a rebound.
1:38 of 1st overtime period - Mike Green is hit by Drew Fata and loses puck.
2:05 of 1st overtime period - Wrist shot by Steve Bernier.
2:05 of 1st overtime period - Goal by Steve Bernier - Blackhawks : 2 - Canucks : 3.
Goals for this period are 0 for Blackhawks vs 1 for Canucks.
Shots for this period are 1 for Blackhawks vs 2 for Canucks.